 Dungeon Crawl Stone Soup version 0.29-a0-561-ga02bf68b3c (webtiles) character file.

Game seed: 4015016070952145376

131367 ckess the Unseen (level 16, -18/85 HPs)
             Began as a Spriggan Enchanter on June 11, 2022.
             Was the Champion of Dithmenos.
             Killed from afar by a balrug (27 damage)
             ... with a bolt of fire
             ... summoned by Asterion
             ... on level 1 of the Spider Nest.
             The game lasted 01:17:29 (31952 turns).

ckess the Unseen (Spriggan Enchanter)              Turns: 31952, Time: 01:17:29

Health: -18/85     AC: 10    Str: 10    XL:     16   Next: 55%
Magic:  26/37      EV: 28    Int: 17    God:    Dithmenos [******]
Gold:   1313       SH:  0    Dex: 17    Spells: 33/47 levels left

rFire   . . .      SeeInvis +   l - +6 dagger (venom)
rCold   . . .      Faith    .   (no shield)
rNeg    . . .      Spirit   .   B - +5 steam dragon scales
rPois   .          Reflect  .   (helmet restricted)
rElec   .          Harm     .   (no cloak)
rCorr   +          Rampage  .   (gloves unavailable)
Will    +++..                   (boots unavailable) Stlth ****++++++
                                x - amulet of regeneration
HPRegen 1.04/turn               j - ring of flight
MPRegen 0.25/turn               n - ring of resist corrosion

@: lethally poisoned (-18 -> -19), flying, wreathed by umbra, very quick
A: very small, no large weapons, unfitting armour, see invisible, speed 3,
strong-willed 1, noise suppression
a: Renounce Religion, Shadow Step, Shadow Form


You were on level 1 of the Spider Nest.
You worshipped Dithmenos.
Dithmenos was exalted by your worship.
You visited 5 branches of the dungeon, and saw 25 of its levels.
You also visited: Ice Cave and Volcano.

You collected 2787 gold pieces.
You spent 1474 gold pieces at shops.

Inventory:

Hand Weapons
 a - a +2 dagger
 l - a +6 dagger of venom (weapon)
 v - a +2 dagger of holy wrath
 y - a +2 vampiric dagger
 G - the +7 dagger "Jotooty" {pain, rC+ Stlth+}
   (You found it on level 12 of the Dungeon)

   In the hands of one skilled in necromantic magic, it inflicts extra damage on
   living creatures.
   rC:        It protects you from cold.
   Stlth:     It makes you more stealthy.
 S - a +3 dagger of distortion
Missiles
 i - 8 curare-tipped darts (quivered)
 m - 3 datura-tipped darts
 D - 18 poisoned darts
 F - 2 throwing nets
 J - 3 atropa-tipped darts
Armour
 B - +5 steam dragon scales (worn)
Jewellery
 j - a ring of flight (left hand)
 n - a ring of resist corrosion (right hand)
 t - an amulet of magic regeneration
 x - an amulet of regeneration (around neck)
 I - an amulet of reflection
 K - a ring of magical power
 P - a ring of protection from fire
Wands
 c - a wand of acid (5)
 f - a wand of paralysis (10)
 o - a wand of polymorph (2)
 p - a wand of iceblast (14)
 q - a wand of mindburst (16)
 R - a wand of flame (5)
Scrolls
 b - 5 scrolls of magic mapping
 k - 2 scrolls of fear
 s - 9 scrolls of teleportation
 w - 19 scrolls of identify
 A - 3 scrolls of fog
 N - a scroll of enchant weapon
 Q - 2 scrolls of blinking
 U - a scroll of immolation
 V - a scroll of amnesia
Potions
 d - 4 potions of cancellation
 e - 6 potions of flight
 g - 2 potions of brilliance
 h - 2 potions of ambrosia
 r - 13 potions of curing
 u - 3 potions of lignification
 z - 5 potions of mutation
 C - 9 potions of heal wounds
 E - a potion of might
 H - 5 potions of haste
 M - 4 potions of resistance
 O - a potion of magic
 T - a potion of invisibility
Miscellaneous
 L - a phial of floods (inert)


   Skills:
 + Level 10.0 Fighting
 + Level 12.8 Short Blades
 + Level 15.3 Dodging
 + Level 20.2 Stealth
 + Level 16.3 Spellcasting
 + Level 16.4 Hexes


You had 33 spell levels left.
You knew the following spells:

 Your Spells              Type           Power      Damage    Failure   Level
a - Ensorcelled Hibernat  Hex/Ice        82%        N/A       1%          2
b - Tukima's Dance        Hex            63%        N/A       0%          3
c - Dazzling Flash        Conj/Hex       82%        N/A       1%          3
d - Confusing Touch       Hex            63%        N/A       0%          3
e - Summon Guardian Gole  Hex/Summ       41%        N/A       1%          3

Your spell library contained the following spells:

 Spells                   Type           Power      Damage    Failure   Level
 Inner Flame              Hex/Fire       41%        N/A       1%          3
 Foxfire                  Conj/Fire      52%        2x1d6     4%          1
 Necrotize                Necr           52%        1d6       4%          1
 Summon Small Mammal      Summ           52%        N/A       4%          1
 Blink                    Tloc           26%        N/A       7%          2
 Poisonous Vapours        Pois/Air       26%        N/A       7%          2
 Static Discharge         Conj/Air       13%        N/A       7%          2
 Call Canine Familiar     Summ           13%        N/A       14%         3
 Conjure Flame            Conj/Fire      13%        6-21      14%         3
 Gell's Gravitas          Tloc           13%        N/A       14%         3
 Ignite Poison            Fire/Tmut/Pois 13%        N/A       14%         3
 Lesser Beckoning         Tloc           13%        N/A       14%         3
 Teleport Other           Tloc           13%        N/A       14%         3
 Vampiric Draining        Necr           13%        2d6       14%         3
 Corpse Rot               Necr/Pois/Air  13%        N/A       41%         4
 Dispel Undead            Necr           13%        3d9       41%         4
 Flame Wave               Conj/Fire      13%        2d6       41%         4
 Sticky Flame             Conj/Fire      13%        2d4       41%         4
 Agony                    Necr           13%        N/A       77%         5
 Blade Hands              Tmut           6%         N/A       77%         5
 Fireball                 Conj/Fire      6%         3d5       77%         5
 Irradiate                Conj/Tmut      6%         3d15      77%         5
 Iskenderun's Battlesphe  Conj           13%        2d7       77%         5
 Manifold Assault         Tloc           13%        N/A       77%         5
 Conjure Ball Lightning   Conj/Air       6%         3x3d6     100%        6
 Dragon Form              Tmut           6%         N/A       100%        7
 Orb of Destruction       Conj           6%         9d6       100%        7
 Storm Form               Tmut/Air       6%         N/A       100%        7


Dungeon Overview and Level Annotations

Branches:
Dungeon (15/15)            Temple (1/1) D:7            Lair (6/6) D:9
  Swamp (0/4) Lair:4       Spider (1/4) Lair:4        Slime (0/5) Lair:5
    Orc (2/2) D:9             Elf (0/3) Orc:2        Vaults (0/5) D:14
 Depths (0/4) D:15          IceCv (visited)         Volcano (visited)

Altars:
Ashenzari
Cheibriados
Dithmenos
Elyvilon
Gozag
Hepliaklqana
Makhleb
Nemelex Xobeh
Okawaru
Ru
Trog
Zin
The Shining One
Beogh
Jiyva
Lugonu

Shops:
D:1 (   D:11 !   D:12 :   D:15 *   Orc:1 :**   Orc:2 !(!?=

Portals:
Abyss: Lair:2

Annotations:
Lair:1 exclusion: oklob plant
Lair:4 exclusion: oklob plant
Spider:1 Asterion
Orc:1 2 runed translucent doors, Anuhiqid's ghost, journeyman TeBe


Innate Abilities, Weirdness & Mutations

You are very small and have problems with some larger weapons.
You are too small for most types of armour.
You have supernaturally acute eyesight. (SInv)
You cover ground extremely quickly. (Speed+++)
You are strong-willed. (Will+)
You passively dampen the noise of your surroundings.


Message History

Asterion is severely wounded.
You puncture Asterion!
Asterion is poisoned.
Asterion is severely wounded.
Your shadow hits Asterion but does no damage.
Your +1 demon whip of electrocution hits Asterion!
Asterion shakes.
The balrug gestures at you. The bolt of fire hits you!!
You emit a cloud of dark smoke.
Asterion hits your +1 demon whip of electrocution!
Your +1 demon whip of electrocution falls from the air.
Asterion completely misses you. Asterion closely misses you.
You see here a +1 demon whip of electrocution.
Unknown command.
Unknown command.
Unknown command.
You hit Asterion but do no damage.
Asterion looks as sick as possible!
Asterion is almost dead.
Asterion says, "I'm a little confused."
Asterion completely misses you. Asterion gores you.
You hit Asterion.
Asterion looks as sick as possible!
Asterion is almost dead.
The balrug hits you with a +0 demon whip of venom.
You are engulfed in flames!!
* * * LOW HITPOINT WARNING * * *
You emit a cloud of dark smoke.
You are poisoned.
You hit Asterion but do no damage.
Asterion looks as sick as possible!
Asterion is almost dead.
Your shadow hits Asterion with a dagger.
You feel sick.
Unknown command.
Aiming: Corrosive Bolt
Press: ? - help, Shift-Dir - straight line, f/p - Asterion
Aim: Asterion, wearing a +0 leather armour and wearing a +0 kite shield (black smoke, almost dead, fast, confused, extremely poisoned, umbra, 100% to hit)
The bolt of acid hits Asterion.
Asterion is almost dead.
You feel sick. Asterion completely misses you. x2
The balrug gestures at you. The bolt of fire hits you!!
You die...

#...##..#### ###.
##........## ###.#.
#..........# #.....
##..^.....#####.....
###..#.^##.....####
#..####.....## #
##§§.# #..#### #
##§§§#####...##
#§@####....>..#
##2H§##......#####
#§§§.#..######..##
##§§##....###....#
##...#......##.....
#..###......##.....
#....####..##......
##....##.^.#...^.#.
##.#...)###..#####


You could see Asterion (fast, confused, extremely poisoned) and a balrug
(summoned).

Vanquished Creatures
  Rupert (Spider:1)
  A frost giant (D:15)
  A dire elephant (Lair:4)
  An entropy weaver (Spider:1)
  Josephine (Lair:5)
  Harold (D:9)
  5 vault guards (D:14)
  3 fire dragons
  10 hydras
  4 boulder beetles
  Erolcha (D:11)
  7 ogre magi
  A catoblepas (Lair:2)
  7 centaur warriors
  A death knight (D:15)
  21 two-headed ogres
  A radroach (Spider:1)
  5 death yaks
  3 tengu warriors (D:15)
  Urug (D:11)
  A hell knight (Volcano)
  A fire crab (Lair:4)
  Sonja (Orc:1)
  A deep elf knight (D:14)
  5 skeletal warriors (D:12)
  A bog body (Lair:4)
  An orb spider (Lair:4)
  3 wizards
  A phantasmal warrior (D:15)
  A lindwurm (Lair:6)
  A swamp dragon (Lair:6)
  3 orc knights
  6 ugly things
  2 deep elf pyromancers
  A wolf spider (D:15)
  4 cyclopes
  3 manticores
  10 elephants
  Joseph (D:9)
  8 torpor snails
  6 black mambas
  2 gargoyles
  14 cane toads
  12 komodo dragons
  An efreet (D:14)
  A yaktaur (shapeshifter) (D:15)
  8 rime drakes
  2 tengu conjurers
  A demonic crawler (Spider:1)
  2 freezing wraiths (D:15)
  6 trolls
  8 hornets
  4 polar bears
  4 tyrant leeches (Lair:6)
  A hornet (shapeshifter) (D:14)
  14 slime creatures
  A tarantella (Spider:1)
  6 dream sheep (Lair:4)
  A blink frog (Lair:4)
  2 dancing weapons
  2 culicivoras (Spider:1)
  2 jumping spiders (Spider:1)
  Sigmund (D:6)
  A shadow (D:12)
  9 wraiths
  9 wyverns
  83 yaks
  A human (D:14)
  A hog (shapeshifter) (D:9)
  12 redbacks (Spider:1)
  6 steam dragons
  6 basilisks
  16 vampire mosquitoes
  3 wargs (Orc:1)
  3 acid dragons
  21 water moccasins
  2 ice beasts
  A swamp drake (Lair:6)
  2 hell hounds (Orc:1)
  19 orc warriors
  3 black bears
  A black bear (shapeshifter) (D:10)
  A sky beast (D:7)
  A boggart (D:10)
  22 wolves
  7 centaurs
  32 ogres
  A kobold brigand (D:10)
  A gnoll sergeant (D:11)
  2 necrophages
  A scorpion (D:7)
  13 bullfrogs
  2 wights
  4 electric eels
  11 howler monkeys
  6 crimson imps (D:8)
  5 hounds
  A komodo dragon simulacrum (IceCv)
  2 gnoll shamans
  17 orc priests
  A jelly (D:8)
  12 iguanas
  21 orc wizards
  Robin (D:2)
  2 acid dragon simulacra (IceCv)
  7 adders
  12 gnolls
  2 shadow imps
  2 white imps (D:8)
  An ufetubus (D:7)
  5 worms
  2 dart slugs
  63 orcs
  8 ball pythons
  4 bats (D:1)
  7 endoplasms
  2 giant cockroaches
  19 goblins
  5 hobgoblins
  7 jackals (D:1)
  6 quokkas
  5 frilled lizards
  11 kobolds
  6 rats (D:1)
  A bush (Lair:4)
  A lurking horror (Lair:2)
773 creatures vanquished.

Vanquished Creatures (collateral kills)
  An ogre mage (Orc:1)
  5 two-headed ogres
  Erica (Orc:1)
  An orc knight (D:15)
  2 wargs
  An orc warrior (D:8)
  5 ogres
  3 wights
  3 orc wizards (D:6)
  2 gnolls (D:7)
  4 orcs
28 creatures vanquished.

Vanquished Creatures (others)
  14 dancing weapons
  A bush (Lair:6)
  12 fungi
  33 plants
60 creatures vanquished.

Grand Total: 861 creatures vanquished

Notes
Turn   | Place    | Note
-------+----------+-------------------------------------------
     0 | D:1      | ckess the Spriggan Enchanter began the quest for the Orb.
     0 | D:1      | Reached XP level 1. HP: 9/9 MP: 5/5
   314 | D:1      | Reached XP level 2. HP: 13/13 MP: 7/7
   325 | D:1      | Learned a level 2 spell: Ensorcelled Hibernation
   961 | D:1      | Found Ydwod's Antique Weapon Shoppe.
   979 | D:1      | Reached XP level 3. HP: 13/16 MP: 9/9
  1546 | D:1      | Found a faded altar of an unknown god.
  2357 | D:2      | Noticed Robin
  2427 | D:1      | Bought a runed dagger for 95 gold pieces
  2545 | D:2      | Killed Robin
  2546 | D:2      | Reached skill level 5 in Hexes
  2546 | D:2      | Reached XP level 4. HP: 15/21 MP: 8/11
  2962 | D:2      | Learned a level 3 spell: Tukima's Dance
  2966 | D:2      | Learned a level 3 spell: Confusing Touch
  2970 | D:2      | Learned a level 3 spell: Dazzling Flash
  3668 | D:3      | Found an iron altar of Okawaru.
  3773 | D:3      | Found a glowing golden altar of the Shining One.
  3773 | D:3      | Found a hazy altar of Hepliaklqana.
  3875 | D:3      | Reached XP level 5. HP: 5/24 MP: 5/13
  4122 | D:3      | Reached skill level 5 in Spellcasting
  4554 | D:4      | Reached skill level 5 in Stealth
  4573 | D:4      | Reached XP level 6. HP: 15/28 MP: 11/15
  5327 | D:4      | Found a burning altar of Makhleb.
  5336 | D:4      | Found an opulent altar of Gozag.
  5744 | D:5      | Entered Level 5 of the Dungeon
  5922 | D:5      | Reached skill level 6 in Stealth
  6115 | D:5      | Found a sacrificial altar of Ru.
  6133 | D:5      | Reached XP level 7. HP: 7/32 MP: 14/17
  6560 | D:5      | Reached skill level 7 in Stealth
  6663 | D:5      | Found a white marble altar of Elyvilon.
  7202 | D:5      | Reached skill level 8 in Stealth
  7508 | D:6      | Reached XP level 8. HP: 36/36 MP: 18/20
  7550 | D:6      | Noticed Sigmund
  7662 | D:6      | Killed Sigmund
  7663 | D:6      | Reached skill level 9 in Stealth
  7842 | D:6      | Reached skill level 10 in Stealth
  8041 | D:7      | Reached XP level 9. HP: 24/39 MP: 16/22
  8107 | D:7      | Identified the +1 leather armour "Naogael" {Will+}
  8135 | D:7      | Found a shadowy altar of Dithmenos.
  8143 | D:7      | Became a worshipper of Dithmenos the Shadowed
  8165 | D:7      | Gained mutation: You are strong-willed. (Will+) [potion of
                  | mutation]
  8165 | D:7      | Gained mutation: You passively dampen the noise of your
                  | surroundings. [potion of mutation]
  8597 | D:7      | Found a staircase to the Ecumenical Temple.
  8609 | Temple   | Entered the Ecumenical Temple
  8672 | D:7      | Reached skill level 1 in Fighting
  8913 | D:8      | Found the +15 Maxwell's patent armour {-Cast -Tele rElec
                  | Will+ rCorr}
  9219 | D:8      | Reached skill level 11 in Stealth
  9340 | D:8      | Reached * piety under Dithmenos
 10007 | D:9      | Found a sparkling altar of Nemelex Xobeh.
 10033 | D:9      | Found a staircase to the Orcish Mines.
 10037 | D:9      | Reached skill level 5 in Dodging
 10037 | D:9      | Reached skill level 10 in Hexes
 10054 | D:9      | Noticed Harold
 10079 | D:9      | Killed Harold
 10080 | D:9      | Reached XP level 10. HP: 24/48 MP: 24/24
 10238 | D:9      | Noticed a two-headed ogre
 10239 | D:9      | Noticed a gargoyle
 10240 | D:9      | Killed a two-headed ogre
 10241 | D:9      | Reached skill level 12 in Stealth
 10241 | D:9      | Reached skill level 10 in Spellcasting
 10245 | D:9      | Killed a gargoyle
 10282 | D:9      | Learned a level 3 spell: Summon Guardian Golem
 10361 | D:9      | Found a staircase to the Lair.
 10621 | D:9      | Reached skill level 5 in Short Blades
 10795 | D:9      | Noticed Joseph
 10801 | D:9      | Killed Joseph
 10801 | D:9      | Reached ** piety under Dithmenos
 10987 | D:9      | Reached skill level 13 in Stealth
 10992 | D:9      | Reached XP level 11. HP: 53/53 MP: 13/26
 10994 | D:9      | Noticed a five-headed hydra
 11213 | D:9      | Noticed an ogre mage
 11233 | D:9      | Killed an ogre mage
 11283 | D:9      | Killed a five-headed hydra
 11511 | D:9      | Noticed a wizard
 11519 | D:9      | Killed a wizard
 11703 | D:9      | Found a snail-covered altar of Cheibriados.
 11841 | D:10     | Entered Level 10 of the Dungeon
 11968 | D:10     | Reached *** piety under Dithmenos
 12084 | D:10     | Noticed a fire dragon
 12251 | D:10     | Reached skill level 5 in Fighting
 13069 | D:10     | Killed a fire dragon
 13070 | D:10     | Reached skill level 14 in Stealth
 13127 | D:11     | Noticed Erolcha
 13135 | D:11     | Killed Erolcha
 13287 | D:11     | Found Bauxikk's Distillery.
 13305 | D:11     | Bought a potion of curing for 33 gold pieces
 13305 | D:11     | Bought a potion of curing for 33 gold pieces
 13305 | D:11     | Bought a potion of mutation for 88 gold pieces
 13305 | D:11     | Bought 2 potions of might for 88 gold pieces
 13305 | D:11     | Bought a potion of degeneration for 11 gold pieces
 13305 | D:11     | Bought a potion of curing for 33 gold pieces
 13305 | D:11     | Bought a potion of might for 44 gold pieces
 13319 | D:11     | Reached XP level 12. HP: 60/60 MP: 28/28
 13329 | D:11     | Noticed Urug
 13336 | D:11     | Killed Urug
 13404 | D:11     | Noticed a boulder beetle
 13411 | D:11     | Killed a boulder beetle
 13892 | D:12     | Found a bloodstained altar of Trog.
 13899 | D:12     | Identified the +7 dagger "Jotooty" {pain, rC+ Stlth+}
 14005 | D:12     | Reached **** piety under Dithmenos
 14060 | D:12     | Found Buahuim's Book Emporium.
 14500 | D:12     | Reached skill level 15 in Stealth
 14580 | D:12     | HP: 3/61 [skeletal warrior (16)]
 14686 | D:12     | Reached skill level 10 in Dodging
 14803 | D:12     | Noticed a four-headed hydra
 14806 | D:12     | Killed a four-headed hydra
 14807 | D:12     | Noticed a seven-headed hydra
 14814 | D:12     | Killed a seven-headed hydra
 15214 | D:13     | Noticed a centaur warrior
 15221 | D:13     | Killed a centaur warrior
 15449 | D:13     | Noticed a centaur warrior
 15459 | D:13     | Killed a centaur warrior
 16142 | D:14     | Noticed a centaur warrior
 16146 | D:14     | Killed a centaur warrior
 16192 | D:14     | Reached XP level 13. HP: 65/65 MP: 30/30
 16606 | D:14     | Reached skill level 16 in Stealth
 17565 | D:14     | Found a gate to the Vaults.
 18115 | D:15     | Entered Level 15 of the Dungeon
 18179 | D:15     | Found Dyewia's General Store.
 18403 | Lair:1   | Entered Level 1 of the Lair of Beasts
 19263 | Lair:2   | Reached ***** piety under Dithmenos
 19532 | Lair:2   | Reached skill level 17 in Stealth
 19800 | Lair:2   | Reached XP level 14. HP: 62/72 MP: 32/32
 19883 | Lair:2   | Reached skill level 10 in Short Blades
 20125 | Lair:2   | Found a one-way gate to the infinite horrors of the Abyss.
 20126 | Lair:2   | Found a corrupted altar of Lugonu.
 21987 | Lair:4   | Found a hole to the Spider Nest.
 22215 | Lair:4   | Found a staircase to the Swamp.
 22633 | Lair:4   | Reached skill level 18 in Stealth
 22738 | Lair:4   | Reached ****** piety under Dithmenos
 23195 | Lair:5   | Noticed Josephine
 23197 | Lair:5   | Killed Josephine
 23386 | Lair:5   | Found a viscous altar of Jiyva.
 23386 | Lair:5   | Found a staircase to the Slime Pits.
 24007 | Lair:6   | Entered Level 6 of the Lair of Beasts
 24057 | Lair:5   | Reached XP level 15. HP: 40/78 MP: 26/34
 24222 | Lair:6   | Reached skill level 15 in Hexes
 25223 | Lair:6   | HP: 2/78 [swamp dragon/blast of poison (6)]
 25380 | Lair:6   | Reached skill level 15 in Spellcasting
 25534 | Lair:6   | Found a runed translucent door.
 25892 | Lair:6   | Reached skill level 19 in Stealth
 26131 | Orc:1    | Entered Level 1 of the Orcish Mines
 26131 | Orc:1    | Noticed Sonja
 26136 | Orc:1    | Killed Sonja
 26197 | Orc:1    | Found Fyrhuck's Specific Store.
 26201 | Orc:1    | Found Nitameil's General Store.
 26229 | Orc:1    | Bought 3 potions of curing for 144 gold pieces
 26373 | Orc:1    | Found Xirghu's Book Shop.
 26689 | Orc:1    | Found a frozen archway.
 26698 | IceCv    | Entered an ice cave
 26816 | Orc:1    | Found a dark tunnel.
 26826 | Volcano  | Entered a volcano
 26861 | Volcano  | Found a bloodstained altar of Trog.
 27199 | Orc:1    | Found a large runed translucent door.
 27199 | Orc:1    | Found a large runed translucent door.
 27204 | Orc:1    | Noticed Anuhiqid's ghost (journeyman TeBe)
 27279 | Orc:2    | Entered Level 2 of the Orcish Mines
 27679 | Orc:1    | Noticed Erica
 27700 | Orc:1    | Killed Erica
 27706 | Orc:1    | HP: 3/79 [orc knight/+3 battleaxe (6)]
 28142 | Orc:2    | Reached XP level 16. HP: 84/84 MP: 6/36
 28318 | Orc:2    | Found Ceut's Jewellery Shoppe.
 28326 | Orc:2    | Found a staircase to the Elven Halls.
 28648 | Orc:2    | Found Irumn's Magic Scroll Shop.
 28648 | Orc:2    | Found Edeugumn's Antique Weapon Emporium.
 28649 | Orc:2    | Found Jax Fige's Distillery.
 28649 | Orc:2    | Found Parabb's Distillery.
 28673 | Orc:2    | Bought a scroll of magic mapping for 52 gold pieces
 28675 | Orc:2    | Bought a potion of magic for 128 gold pieces
 28675 | Orc:2    | Bought a potion of curing for 48 gold pieces
 28675 | Orc:2    | Bought a potion of curing for 48 gold pieces
 28676 | Orc:2    | Bought a potion of heal wounds for 85 gold pieces
 28676 | Orc:2    | Bought a potion of curing for 51 gold pieces
 28676 | Orc:2    | Bought a potion of curing for 51 gold pieces
 28676 | Orc:2    | Bought a potion of invisibility for 136 gold pieces
 28676 | Orc:2    | Bought a potion of heal wounds for 85 gold pieces
 28676 | Orc:2    | Bought a potion of curing for 51 gold pieces
 28676 | Orc:2    | Bought a potion of heal wounds for 85 gold pieces
 28676 | Orc:2    | Bought a potion of heal wounds for 85 gold pieces
 29202 | D:15     | Found a staircase to the Depths.
 29827 | D:15     | Reached skill level 15 in Dodging
 29997 | D:15     | Reached skill level 20 in Stealth
 30793 | Spider:1 | Entered Level 1 of the Spider Nest
 30859 | Spider:1 | Noticed Rupert
 30923 | Spider:1 | Killed Rupert
 30924 | Spider:1 | Reached skill level 10 in Fighting
 31508 | Spider:1 | Noticed Asterion
 31952 | Spider:1 | Killed from afar by a balrug

Illustrated notes

Levels and vault maps discovered:
D:1:      shiori_shiawase, layout_loops_ring, serial_shops, shop,
          hellmonk_ecumenical_altar_defaced_shrine
D:2:      layout_loops_cross, uniq_robin
D:3:      layout_basic, grunt_temple_overflow_open, st_stairs_10,
          chequers_decorated_corner, kennysheep_path_1, minmay_cut_off
D:4:      layout_basic, mainiacjoe_overflow_swirl
D:5:      layout_basic, elyvilon_altar_1, mainiacjoe_overflow_tiny_flanked,
          lemuel_another_geyser
D:6:      layout_rooms, uniq_sigmund
D:7:      layout_loops_ring, nicolae_dithmenos_through_a_glass_darkly,
          minmay_temple_entry_glassed_door
D:8:      layout_basic, serial_bayou, serial_bayou_pond_c, serial_bayou_shore_b,
          serial_bayou_crossing, serial_bayou_shore_b, serial_bayou_shore_b,
          grunt_ministairs_15, minmay_nine_imps
D:9:      minmay_chopped_fan, layout_loops_corners, slow_altar_2,
          nemelex_spade_bored_becter, erik_lair_island, orc_0_dummy,
          uniq_harold, uniq_joseph
D:10:     minmay_ornate_pinched, layout_loops_corners
D:11:     layout_basic, serial_shops, nicolae_shop_crystal, uniq_urug,
          uniq_erolcha
D:12:     layout_long_grid, serial_shops, shop_fountains, bloody_trog
D:13:     layout_loops_ring, minmay_misc_feat_rugged
D:14:     layout_loops_corners, grunt_vaults_entry_fortified,
          chequers_serial_rivers_small_3
D:15:     grunt_enter_depths_snipers, layout_loops_ring, serial_shops, shop,
          nicolae_two_hexagons, grunt_ministairs_3
Temple:   nicolae_temple_hex_pool
Lair:1:   layout_loops_ring, minmay_lair_oklob_bushes
Lair:2:   layout_cave_pods, amcnicky_altar_lugonu_corruption, grunt_megastairs_3
Lair:3:   layout_regular_city, infiniplex_staircase_pool_2, grunt_megastairs_5,
          lemuel_fruit_fields
Lair:4:   nzn_winding_woodlands_large [nzn_winding_woodlands_hourglass,
          nzn_winding_woodlands_5x15_pool,
          nzn_winding_woodlands_5x5_closed_star,
          nzn_winding_woodlands_center_triple_pond,
          nzn_winding_woodlands_15x15_boxy_spiral,
          nzn_winding_woodlands_center_diamonds,
          nzn_winding_woodlands_5x5_three,
          nzn_winding_woodlands_5x15_split_checker,
          nzn_winding_woodlands_5x5_cross], layout_gridlike,
          skrybe_swamp_entry_bodies, nicolae_spider_entry_orb_guardian,
          serial_rivers, chequers_serial_rivers_micro_c,
          chequers_serial_rivers_room_b, chequers_serial_rivers_small_a,
          chequers_serial_rivers_large_a, minmay_lair_oklob_items,
          serial_bayou_shore_b
Lair:5:   layout_big_grid, slime_altar_1, uniq_josephine
Lair:6:   guppyfry_lair_end_dragon, layout_misc_corridors, wormcave,
          serial_bayou_pond_d, grunt_megastairs_4
Spider:1: layout_spider_delve, uniq_mlioglotl, uniq_rupert, uniq_asterion
Orc:1:    layout_diamond_mine, portal_ice_cave_entry_pillars_1, serial_shops,
          nicolae_shop_stone, ebering_ghost_disaster_area, enter_volcano_3,
          nicolae_specific_store, uniq_sonja, uniq_erica
Orc:2:    st_orc_ogre_mass, layout_caves, serial_shops, shop

Skill      XL: |  1  2  3  4  5  6  7  8  9 10 11 12 13 14 15 16 |
---------------+-------------------------------------------------+-----
Spellcasting   | 3 4 5 6 7 8 9 10 11 12 13 14 15 16 | 16.3
Hexes          | 4 5 6 7 9 10 12 13 14 15 16 | 16.4
Stealth        | 5 6 8 10 11 13 14 15 17 18 19 20 | 20.2
Dodging        | 5 7 8 10 12 13 14 15 | 15.3
Fighting       | 2 4 5 6 7 8 9 10 | 10.0
Short Blades   | 4 5 7 8 9 11 12 | 12.8

Action                   |  1- 3 |  4- 6 |  7- 9 | 10-12 | 13-15 | 16-18 || total
-------------------------+-------+-------+-------+-------+-------+-------++-------
Melee: Dagger            |   112 |   132 |   179 |   423 |  1303 |   298 ||  2447
       Spear             |    18 |       |       |       |       |       ||    18
       Punch             |       |       |     1 |     7 |    23 |     6 ||    37
Throw: Dart              |       |       |       |       |     3 |       ||     3
 Cast: Ensorcelled Hiber |     9 |    13 |    35 |   115 |   223 |    28 ||   423
       Confusing Touch   |       |     1 |     7 |    18 |    23 |    12 ||    61
       Tukima's Dance    |       |     3 |    16 |    12 |    34 |    26 ||    91
       Dazzling Flash    |       |       |       |       |    22 |       ||    22
Invok: Shadow Step       |       |       |       |     1 |     2 |     3 ||     6
Evoke: Wand              |       |     3 |    10 |     2 |     3 |     2 ||    20
       Phial of floods   |       |       |       |       |       |     1 ||     1
  Use: Potion            |     2 |       |     1 |     8 |    10 |     1 ||    22
       Scroll            |     9 |     6 |     6 |    10 |    10 |     3 ||    44
 Stab: Sleeping          |    17 |    12 |    39 |    87 |   223 |    52 ||   430
       Invisible         |     1 |       |       |       |    17 |       ||    18
       Distracted        |     1 |       |       |     1 |    12 |     2 ||    16
       Confused          |       |     2 |     5 |    14 |    19 |    11 ||    51
       Petrifying        |       |       |       |       |     1 |       ||     1
       Petrified         |       |       |       |       |     1 |       ||     1
Armor: Robe              |    14 |    11 |     6 |       |       |       ||    31
       Steam dragon scal |       |       |    11 |    36 |    60 |    13 ||   120
Dodge: Dodged            |    87 |    73 |    96 |   271 |  1040 |   210 ||  1777

Table legend: (Time is in decaauts)
 A = Elapsed time spent in this place.
 B = Non-inter-level travel time spent in this place.
 C = Inter-level travel time spent in this place.
 D = Time resting spent in this place.
 E = Time spent auto-exploring this place.
 F = Levels seen in this place.
 G = Mean time per level.
                   A        B        C        D        E       F      G
               +--------+--------+--------+--------+--------+-----+--------+
         Total |  23226 |  22167 |   1059 |   2192 |  14804 |  27 |  860.2 |
       Dungeon |  15129 |  14438 |    691 |   1439 |  10096 |  15 | 1008.6 |
        Temple |      1 |      1 |      0 |      0 |      0 |   1 |    1.0 |
          Lair |   5265 |   4976 |    289 |    305 |   3275 |   6 |  877.5 |
   Spider Nest |    792 |    792 |      0 |    162 |    472 |   1 |  792.0 |
  Orcish Mines |   1833 |   1756 |     77 |    262 |    919 |   2 |  916.5 |
      Ice Cave |     22 |     22 |      0 |      0 |      3 |   1 |   22.0 |
       Volcano |    180 |    180 |      0 |     24 |     38 |   1 |  180.0 |
               +--------+--------+--------+--------+--------+-----+--------+

Top non-repeatable levels by time:
    D:14: 1467 daAuts
     D:1: 1406 daAuts
  Lair:6: 1400 daAuts
     D:5: 1322 daAuts
     D:9: 1253 daAuts
    D:15: 1135 daAuts
     D:2: 1116 daAuts
     D:3: 1096 daAuts
  Lair:4: 1049 daAuts
    D:12: 1005 daAuts
     D:8: 960 daAuts
    D:10: 950 daAuts
     D:4: 941 daAuts
   Orc:1: 936 daAuts
   Orc:2: 897 daAuts
